 Dungeon Crawl Stone Soup version 0.27-a0-1149-g4505690ab0 (webtiles) character file.

Game seed: 15950078077290562300

25 Azzok the Shield-Bearer (level 3, 0/29 HPs)
             Began as a Formicid Fighter on May 13, 2021.
             Slain by a kobold brigand
             ... wielding a +0 dagger
              (2 damage)
             ... on level 2 of the Dungeon.
             The game lasted 00:00:45 (1110 turns).

Azzok the Shield-Bearer (Formicid Fighter)          Turns: 1110, Time: 00:00:45

Health: 0/29       AC:  6    Str: 21    XL:     3   Next: 20%
Magic:  3/3        EV:  8    Int:  7    God:
Gold:   54         SH: 10    Dex: 10    Spells: 2/2 levels left

rFire    . . .     SeeInvis +   a - +0 war axe
rCold    . . .     Faith    .   c - +0 kite shield
rNeg     . . .     Spirit   .   b - +0 scale mail
rPois    .         Reflect  .   (helmet unavailable)
rElec    .         Harm     .   (no cloak)
rCorr    .         Rampage  .   (no gloves)
Will     .....                  (no boots)
Stlth    ..........             (no amulet)
HPRegen  0.09/turn              (no ring)
MPRegen  0.08/turn              (no ring)

@: no status effects
A: permanent stasis, dig shafts and tunnels, antennae 3, four strong arms
a: Dig, Shaft Self


You were on level 2 of the Dungeon.
You visited 1 branch of the dungeon, and saw 2 of its levels.

You collected 54 gold pieces.

Inventory:

Hand Weapons
 a - a +0 war axe (weapon)
Armour
 b - a +0 scale mail (worn)
 c - a +0 kite shield (worn)
Scrolls
 f - a scroll of teleportation {unknown}
Potions
 d - a potion of might
 e - a potion of heal wounds {unknown}
 g - a potion of curing {unknown}


   Skills:
 - Level 3.2 Fighting
 - Level 2.0 Axes
 - Level 3.2 Armour
 + Level 5.0 Shields


You had 2 spell levels left.
You didn't know any spells.
Your spell library was empty.

Dungeon Overview and Level Annotations

Branches:
Dungeon (2/15)

Altars:


Innate Abilities, Weirdness & Mutations

You cannot be hasted, slowed, berserked, paralysed or teleported.
You can dig through walls and to a lower floor.
You have a pair of large antennae on your head. (SInv)
Your four strong arms can wield two-handed weapons with a shield.


Message History

You feel sick. The kobold brigand closely misses you.
Found a glass wand.
You feel sick.
The kobold brigand hits you with a +0 dagger.
You feel sick.
You are no longer poisoned.
The kobold brigand barely misses you. You block the kobold brigand's attack.
Found a stone staircase leading down.
You hit the kobold brigand.
The kobold brigand is lightly wounded.
The kobold brigand hits you but does no damage.
You barely miss the kobold brigand.
The kobold brigand is lightly wounded.
The kobold brigand hits you with a +0 dagger.
The kobold brigand hits you but does no damage.
You slash the kobold brigand!
The kobold brigand is severely wounded.
The kobold brigand hits you with a +0 dagger.
You hit the kobold brigand.
The kobold brigand is almost dead.
The kobold brigand barely misses you.
The kobold brigand hits you with a +0 dagger.
You closely miss the kobold brigand.
The kobold brigand is almost dead.
You block the kobold brigand's attack.
The kobold brigand hits you with a +0 dagger.
You completely miss the kobold brigand.
The kobold brigand is almost dead.
The kobold brigand hits you but does no damage.
You closely miss the kobold brigand.
The kobold brigand is almost dead.
The kobold brigand hits you with a +0 dagger.
* * * LOW HITPOINT WARNING * * *
The kobold brigand hits you with a +0 dagger.
* * * LOW HITPOINT WARNING * * *
You hit the kobold brigand but do no damage.
The kobold brigand is almost dead.
The kobold brigand hits you with a +0 dagger.
You die...

·▒ ▒▒▒·▒▒ ▒▒▒
▒▒▒······ ▒··
········· ▒·▒
▒▒········ ▒·▒
▒·····>· ▒·▒
▒▒····▒ ▒·▒
▒▒··@/·▒▒ ▒·▒
▒▒···K···▒▒ ▒▒·▒▒
▒·········▒
▒···▒▒▒▒▒
▒·····$··>▒
········▒
▒·········▒
▒···▒▒▒·▒
▒········▒▒ ▒▒·▒▒
▒·▒ ▒·▒·····▒▒
▒·▒▒▒▒·▒▒▒▒·▒▒···▒▒
▒·▒▒············▒▒


You could see a kobold brigand.

Vanquished Creatures
  A ball python (D:2)
  3 endoplasms
  4 goblins
  A hobgoblin (D:1)
  6 jackals (D:1)
  A quokka (D:1)
  2 bats
  2 kobolds (D:1)
  A rat (D:1)
21 creatures vanquished.

Vanquished Creatures (others)
  23 plants (D:1)
23 creatures vanquished.

Grand Total: 44 creatures vanquished

Notes
Turn   | Place    | Note
-------+----------+-------------------------------------------
     0 | D:1      | Azzok the Formicid Fighter began the quest for the Orb.
     0 | D:1      | Reached XP level 1. HP: 18/18 MP: 1/1
    49 | D:1      | Reached skill level 4 in Shields
   262 | D:1      | Reached XP level 2. HP: 24/24 MP: 2/2
   773 | D:1      | Reached XP level 3. HP: 29/29 MP: 3/3
  1037 | D:2      | Reached skill level 5 in Shields
  1090 | D:2      | Noticed a kobold brigand
  1110 | D:2      | Slain by a kobold brigand

Illustrated notes

Levels and vault maps discovered:
D:1:      minmay_arrival_radiant_lines, layout_loops_ring,
          minmay_misc_feat_roman, kennysheep_boxes
D:2:      layout_loops_ring, serial_shops, nicolae_shop_waterfront, shop, shop,
          nicolae_shop_behind_doors, hellmonk_ecumenical_altar_run_dry,
          basic_altar

Skill      XL: |  1  2  3 |
---------------+----------+-----
Shields        | 4 5 |  5.0
Fighting       | |  3.2
Axes           | |  2.0
Armour         | |  3.2

Action                   || total
-------------------------++-------
Melee: War axe           ||    53
Armor: Scale mail        ||    25
Dodge: Dodged            ||    20
Block: Kite shield       ||    29

Table legend: (Time is in decaauts)
 A = Elapsed time spent in this place.
 B = Non-inter-level travel time spent in this place.
 C = Inter-level travel time spent in this place.
 D = Time resting spent in this place.
 E = Time spent auto-exploring this place.
 F = Levels seen in this place.
 G = Mean time per level.
                   A        B        C        D        E       F      G
               +--------+--------+--------+--------+--------+-----+--------+
         Total |   1138 |   1120 |     18 |      0 |    953 |   2 |  569.0 |
       Dungeon |   1138 |   1120 |     18 |      0 |    953 |   2 |  569.0 |
               +--------+--------+--------+--------+--------+-----+--------+

Top non-repeatable levels by time:
     D:1: 997 daAuts
     D:2: 141 daAuts
